 Dungeon Crawl Stone Soup version 0.31-a0-193-gdfe2569204 (webtiles) character file.

Game seed: 9148506927191268708

1656 qw the Skirmisher (level 8, 0/46 HPs)
             Began as a Deep Elf Hunter on June 23, 2023.
             Was a Follower of Okawaru.
             Slain by a vampire (2 damage)
             ... on level 6 of the Dungeon.
             The game lasted 00:02:43 (6130 turns).

qw the Skirmisher (Deep Elf Hunter)                 Turns: 6130, Time: 00:02:44

Health: 0/46       AC: 12    Str: 10    XL:     8   Next: 68%
Magic:  9/10       EV: 15    Int: 15    God:    Okawaru [*.....]
Gold:   265        SH:  0    Dex: 18    Spells: 7/7 levels left

rFire   . . .        Y - +1 shortbow
rCold   . . .        (shield currently unavailable)
rNeg    . . .        d - +0 ring mail
rPois   +            (no helmet)
rElec   .            m - +0 cloak
rCorr   .            k - +0 pair of gloves
SInv    .            (no boots)
Will    .....        l - amulet of faith
Stlth   +++          j - +4 ring of protection
HPRegen 0.27/turn    g - ring of poison resistance
MPRegen 0.12/turn

%: faith
@: heroic
A: no striking features
a: Renounce Religion, Heroism


You were on level 6 of the Dungeon.
You worshipped Okawaru.
Okawaru was aware of your devotion.
You visited 1 branch of the dungeon, and saw 7 of its levels.

You collected 462 gold pieces.
You spent 197 gold pieces at shops.


   Skills:
 - Level 3.1(8.1) Fighting
 + Level 13.7(18.7) Ranged Weapons
 - Level 1.2(6.2) Armour
 - Level 4.4(9.4) Dodging
 - Level 1.2(6.2) Stealth
 + Level 0.0 Invocations


You had 7 spell levels left.
You didn't know any spells.
Your spell library was empty.

Inventory:

Hand Weapons
 Y - a +1 shortbow (weapon)
Armour
 d - a +0 ring mail (worn)
 k - a +0 pair of gloves (worn)
 m - a +0 cloak (worn)
Jewellery
 e - a ring of fire
 g - a ring of poison resistance (right hand)
 j - a +4 ring of protection (left hand)
 l - an amulet of faith (around neck)
Scrolls
 a - a scroll of identify
Potions
 b - a potion of haste
 c - a potion of enlightenment
 f - 2 potions of might
 i - a potion of ambrosia {unknown}

Dungeon Overview and Level Annotations

Branches:
Dungeon (7/15)             Temple (0/1) D:6

Altars:
Ashenzari
Elyvilon
Fedhas
Gozag
Kikubaaqudgha
Okawaru
Qazlal
Sif Muna
Vehumet
Xom
Yredelemnul
Zin

Shops:
D:2 (   D:5 *=   D:6 *

Annotations:
D:6 exclusion: oklob sapling


Message History

You shoot an arrow. The arrow hits the vampire.
The vampire is moderately damaged.
The vampire hits you but does no damage.
The vampire bites you but does no damage.
You shoot an arrow. The arrow closely misses the vampire.
You shoot an arrow.
The arrow hits the vampire but does no damage.
The vampire is moderately damaged.
The vampire closely misses you. The vampire bites you.
The vampire draws strength from your injuries!
6121 ||| INVOKING Heroism.
You gain the combat prowess of a mighty hero.
The vampire hits you. The vampire bites you.
The vampire draws strength from your injuries!
You shoot an arrow.
The arrow hits the vampire but does no damage.
The vampire is lightly damaged.
The vampire mumbles some strange words.
The vampire flickers and vanishes!
Deactivating autopickup; reactivate with Ctrl-A.
You shoot an arrow.
You hear some strange, mumbled words.
Something tries to affect you, but you resist.
You shoot an arrow. Something hits you. Something bites you.
Something draws strength from your injuries!
You shoot an arrow. Something hits you but does no damage. Something bites you!
Something draws strength from your injuries!
You shoot an arrow. You shoot an arrow. Something hits you but does no damage.
Something bites you.
Something draws strength from your injuries!
You shoot an arrow. Something hits you but does no damage.
Something bites you but does no damage.
You shoot an arrow. Something hits you. Something closely misses you.
You shoot an arrow. Something hits you but does no damage. Something bites you.
You die...

############ ####
#..........#
...############..........#
..............%{@........#
##.############..........#
#.# ######..........# #.#
#....'..........# #.#
#.####..........# #.#
#.####..........# #.#
#.##............# ##....#
#.##............# .#...)#
#.##.....########


There were no monsters in sight!

Vanquished Creatures
  Eustachio (D:6)
  A water moccasin (D:5)
  A black bear (D:5)
  2 ice beasts (D:6)
  An ogre (D:5)
  Blork the orc (D:6)
  A bullfrog (D:6)
  A scorpion (D:5)
  2 howler monkeys
  5 jellies
  5 orc priests
  5 hounds
  A sleepcap (D:5)
  An iguana (D:4)
  An orc wizard (D:3)
  4 gnolls
  8 adders
  A river rat (D:4)
  A worm (D:5)
  2 dart slugs
  18 orcs
  7 bats
  8 endoplasms
  4 giant cockroaches
  4 goblins
  7 hobgoblins
  6 jackals (D:1)
  12 kobolds
  A quokka (D:1)
  5 ball pythons
  6 frilled lizards
  An orc zombie (D:4)
  9 rats
  A rat zombie (D:4)
134 creatures vanquished.

Notes
Turn   | Place    | Note
-------+----------+-------------------------------------------
     0 | D:1      | qw the Deep Elf Hunter began the quest for the Orb.
     0 | D:1      | Reached XP level 1. HP: 12/12 MP: 3/3
     0 | D:1      | 0 ||| qw: Version: 0.3-a-9-g12657ce
     0 | D:1      | 0 ||| qw: Game counter: 4595
     0 | D:1      | 0 ||| qw: Always use a shield: true
     0 | D:1      | 0 ||| qw: God list: Okawaru
     0 | D:1      | 0 ||| qw: Allow faded altars: false
     0 | D:1      | 0 ||| qw: Do Orc after D:15 true
     0 | D:1      | 0 ||| qw: Do second Lair branch before Depths: true
     0 | D:1      | 0 ||| qw: Lair rune preference: random
     0 | D:1      | 0 ||| qw: Plans: Normal
     0 | D:1      | 0 ||| PLANNING D:1-11
   230 | D:1      | Reached XP level 2. HP: 16/16 MP: 4/4
   251 | D:1      | Reached skill level 6 in Ranged Weapons
   351 | D:1      | HP: 4/16 [frilled lizard (1)]
   654 | D:1      | Reached XP level 3. HP: 20/20 MP: 5/5
   825 | D:1      | Found a faded altar of an unknown god.
   928 | D:1      | 928 ||| UPGRADING to +0 ring mail.
   938 | D:1      | 938 ||| DROPPING +0 leather armour.
   939 | D:1      | 939 ||| UPGRADING to +0 pair of gloves.
   944 | D:1      | 944 ||| UPGRADING to +0 cloak.
   949 | D:1      | 949 ||| READING 2 scrolls labelled QOBUWK AXEUNGE.
   950 | D:1      | 950 ||| READING scroll labelled IMPAMA MUERA.
   951 | D:1      | 951 ||| READING scroll labelled YBBIOCUMOI.
   954 | D:1      | 954 ||| READING scroll labelled TORUDE PAUKHE.
   955 | D:1      | 955 ||| READING scroll labelled SIAMURU QAEKI.
   956 | D:1      | 956 ||| DROPPING scroll of noise.
   957 | D:1      | 957 ||| DROPPING scroll of butterflies.
  1000 | D:2      | Reached skill level 7 in Ranged Weapons
  1010 | D:2      | 1010 ||| FLEEEEING.
  1011 | D:2      | 1011 ||| FLEEEEING.
  1012 | D:2      | 1012 ||| FLEEEEING.
  1013 | D:2      | 1013 ||| FLEEEEING.
  1014 | D:2      | 1014 ||| FLEEEEING.
  1015 | D:2      | 1015 ||| FLEEEEING.
  1016 | D:2      | 1016 ||| FLEEEEING.
  1017 | D:2      | 1017 ||| FLEEEEING.
  1018 | D:2      | 1018 ||| FLEEEEING.
  1019 | D:2      | 1019 ||| FLEEEEING.
  1020 | D:2      | 1020 ||| FLEEEEING.
  1021 | D:2      | 1021 ||| FLEEEEING.
  1022 | D:2      | 1022 ||| STAIRDANCE
  1037 | D:2      | 1037 ||| STAIRDANCE
  1045 | D:1      | Reached XP level 4. HP: 17/25 MP: 6/6
  1178 | D:2      | Found a radiant altar of Vehumet.
  1292 | D:2      | Reached skill level 8 in Ranged Weapons
  1302 | D:2      | Reached XP level 5. HP: 26/29 MP: 7/7
  1448 | D:2      | Identified the staff of the Vaults {Fragile rElec rPois rN+
                  | Air}
  1498 | D:2      | Found Uniffeas's Weapon Shoppe.
  1753 | D:2      | 1753 ||| READING 2 scrolls labelled QOCSASK MANAN.
  1754 | D:2      | 1754 ||| DRINKING 2 lumpy white potions.
  1859 | D:2      | 1859 ||| DRINKING 2 fizzy red potions.
  1860 | D:2      | 1860 ||| DROPPING potion of berserk rage.
  1967 | D:3      | Found a basalt altar of Yredelemnul.
  1967 | D:3      | Found an opulent altar of Gozag.
  1967 | D:3      | Found a broken altar of Ashenzari.
  1967 | D:3      | Found a shimmering altar of Xom.
  1971 | D:3      | Found an ancient bone altar of Kikubaaqudgha.
  2211 | D:3      | Found a radiant altar of Vehumet.
  2450 | D:3      | 2450 ||| UPGRADING to +4 ring of protection.
  2451 | D:3      | 2451 ||| READING scroll labelled PEGYMOIPTI.
  2452 | D:3      | 2452 ||| READING scroll labelled DAMEOF RYOMY.
  2453 | D:3      | 2453 ||| DRINKING 3 green potions.
  2454 | D:3      | 2454 ||| DRINKING 2 sedimented coppery potions.
  2455 | D:3      | 2455 ||| READING 2 scrolls of identify.
  2455 | D:3      | 2455 ||| IDENTIFYING emerald potion
  2456 | D:3      | 2456 ||| DROPPING potion of brilliance.
  2457 | D:3      | 2457 ||| DROPPING potion of attraction.
  2478 | D:4      | 2478 ||| PLANNING SEWER
  2481 | D:4      | 2481 ||| STAIRDANCE
  2556 | D:4      | 2556 ||| STAIRDANCE
  2560 | D:3      | HP: 6/29 [orc wizard/magic dart (6)]
  2561 | D:3      | 2561 ||| READING scroll of teleportation.
  2562 | D:3      | 2562 ||| DRINKING 2 potions of heal wounds.
  2568 | D:3      | Reached skill level 9 in Ranged Weapons
  2602 | D:4      | 2602 ||| STAIRDANCE
  2658 | D:4      | 2658 ||| STAIRDANCE
  2824 | D:4      | Reached XP level 6. HP: 30/35 MP: 8/8
  2911 | D:4      | Reached skill level 1 in Armour
  2940 | D:4      | Found a sand-covered staircase.
  2960 | D:4      | Found a shimmering blue altar of Sif Muna.
  3143 | D:4      | Found a glowing silver altar of Zin.
  3143 | D:4      | Noticed an angel
  3220 | D:4      | Found a white marble altar of Elyvilon.
  3311 | D:4      | 3311 ||| RIP SEWER
  3311 | D:4      | 3311 ||| RIP OSSUARY
  3311 | D:4      | 3311 ||| PLANNING D:1-11
  3460 | D:4      | 3460 ||| Stepping ~*~*~tactically~*~*~ (water).
  3574 | D:4      | Found a blossoming altar of Fedhas.
  3609 | D:4      | 3609 ||| Stepping ~*~*~tactically~*~*~ (outnumbered).
  3611 | D:4      | 3611 ||| Stepping ~*~*~tactically~*~*~ (outnumbered).
  3612 | D:4      | 3612 ||| Stepping ~*~*~tactically~*~*~ (outnumbered).
  3614 | D:4      | 3614 ||| Stepping ~*~*~tactically~*~*~ (outnumbered).
  3626 | D:4      | HP: 8/35 [orc priest/+0 club (3)]
  3627 | D:4      | 3627 ||| DRINKING potion of heal wounds.
  3917 | D:4      | 3917 ||| UPGRADING to amulet of faith.
  3922 | D:4      | 3922 ||| READING scroll labelled FUECALUISY.
  4023 | D:4      | 4023 ||| READING 2 scrolls of identify.
  4023 | D:4      | 4023 ||| IDENTIFYING amethyst potion
  4054 | D:5      | Entered Level 5 of the Dungeon
  4080 | D:5      | Reached skill level 10 in Ranged Weapons
  4086 | D:5      | Reached skill level 3 in Dodging
  4096 | D:5      | Reached XP level 7. HP: 33/40 MP: 9/9
  4125 | D:5      | Found Keosaum's Assorted Antiques.
  4143 | D:5      | 4143 ||| BUYING cyan potion (22 gold).
  4143 | D:5      | Bought a cyan potion for 22 gold pieces
  4143 | D:5      | 4143 ||| BUYING potion of heal wounds (125 gold).
  4143 | D:5      | Bought a potion of heal wounds for 125 gold pieces
  4143 | D:5      | 4143 ||| SHOPLISTING runed triple crossbow (325 gold, have
                  | 190).
  4143 | D:5      | 4143 ||| BUYING scroll of identify (50 gold).
  4143 | D:5      | Bought a scroll of identify for 50 gold pieces
  4177 | D:5      | Reached skill level 11 in Ranged Weapons
  4256 | D:5      | HP: 10/40 [water moccasin (3)]
  4257 | D:5      | 4257 ||| DRINKING potion of heal wounds.
  4259 | D:5      | 4259 ||| DRINKING potion of curing.
  4259 | D:5      | 4259 ||| (to cure poison)
  4375 | D:5      | Found a stormy altar of Qazlal.
  4528 | D:5      | Reached skill level 12 in Ranged Weapons
  4648 | D:5      | Reached skill level 3 in Fighting
  4648 | D:5      | Reached XP level 8. HP: 35/46 MP: 10/10
  4697 | D:5      | Found Buavvix's Jewellery Shop.
  4705 | D:5      | 4705 ||| SHOPLISTING +4 ring of protection (432 gold, have
                  | 184).
  4705 | D:5      | 4705 ||| SHOPLISTING +5 ring of evasion (432 gold, have
                  | 184).
  4705 | D:5      | 4705 ||| SHOPLISTING amulet of reflection (360 gold, have
                  | 184).
  4705 | D:5      | 4705 ||| SHOPLISTING amulet of the acrobat (360 gold, have
                  | 184).
  4705 | D:5      | 4705 ||| SHOPLISTING ring of ice (300 gold, have 184).
  4705 | D:5      | 4705 ||| SHOPLISTING ring of poison resistance (240 gold,
                  | have 184).
  4705 | D:5      | 4705 ||| SHOPLISTING ring of willpower (300 gold, have
                  | 184).
  4991 | D:5      | Noticed Eustachio
  4996 | D:5      | 4996 ||| UPGRADING to ring of poison resistance.
  4997 | D:5      | 4997 ||| READING 3 scrolls of identify.
  4997 | D:5      | 4997 ||| IDENTIFYING grey potion
  4998 | D:5      | 4998 ||| READING 2 scrolls of identify.
  4998 | D:5      | 4998 ||| IDENTIFYING cyan potion
  4999 | D:5      | 4999 ||| DROPPING potion of invisibility.
  5073 | D:6      | Found an iron altar of Okawaru.
  5074 | D:6      | 5074 ||| PLANNING OKAWARU WORSHIP
  5080 | D:6      | Noticed Blork the orc
  5088 | D:6      | Killed Blork the orc
  5167 | D:6      | Became a worshipper of Warmaster Okawaru
  5168 | D:6      | 5168 ||| PLANNING D:1-11
  5200 | D:6      | Found Jonel's Neck Hole.
  5384 | D:6      | 5384 ||| Stepping ~*~*~tactically~*~*~ (outnumbered).
  5473 | D:6      | 5473 ||| Stepping ~*~*~tactically~*~*~ (outnumbered).
  5474 | D:6      | Killed Eustachio
  5548 | D:6      | Found a staircase to the Ecumenical Temple.
  5549 | D:6      | 5549 ||| DRINKING 2 pink potions.
  5596 | D:6      | 5596 ||| DROPPING potion of lignification.
  5886 | D:6      | Reached skill level 13 in Ranged Weapons
  5939 | D:6      | Reached * piety under Okawaru
  6088 | D:6      | 6088 ||| READING scroll labelled YMIJIF AGUHAPH.
  6089 | D:6      | 6089 ||| READING 2 scrolls of identify.
  6089 | D:6      | 6089 ||| IDENTIFYING glowing green potion
  6114 | D:7      | 6114 ||| STAIRDANCE
  6121 | D:6      | 6121 ||| INVOKING Heroism.
  6125 | D:6      | HP: 8/46 [something (7)]
  6127 | D:6      | HP: 2/46 [something (6)]
  6130 | D:6      | Slain by a vampire

Levels and vault maps discovered:
D:1:      shiori_arrival_maze, layout_basic, dilly_ecumenical_altar_fadedgnrine,
          minmay_misc_feat_tower, chequers_avenue
D:2:      layout_loops_cross, serial_shops, nicolae_shop_hallway_plus,
          basic_altar, minmay_door_square
D:3:      layout_loops_ring, grunt_temple_overflow_open,
          mainiacjoe_overflow_alcove_1
D:4:      layout_layer_cave, mainiacjoe_overflow_surrounded_room, zin_angel,
          mainiacjoe_overflow_chevrons, kennysheep_mini_moat,
          portal_sewer_entry_e, enter_ossuary_3, amcnicky_mini_pool_small
D:5:      layout_loops_ring, grunt_qazlal_sundering, serial_shops, shop, shop,
          uniq_eustachio
D:6:      layout_basic, okawaru_gym_becter, minmay_temple_entry_oklob,
          abandoned_shop, nicolae_shop_sticking_my_neck_out, uniq_blork_the_orc
D:7:      layout_loops_ring, kennysheep_cross_room, uniq_pikel

Skill      XL: |  1  2  3  4  5  6  7  8 |
---------------+-------------------------+-----
Ranged Weapons | 6 7 8 9 10 12 13 | 13.7
Fighting       | 2 3 |  3.1
Armour         | 1 |  1.2
Dodging        | 3 4 |  4.4
Stealth        | |  1.2

Action                     |  1- 3 |  4- 6 |  7- 9 || total
---------------------------+-------+-------+-------++-------
   Fire: Shortbow          |    94 |   233 |   245 ||   572
 Invoke: Heroism           |       |       |     1 ||     1
    Use: Scroll            |     5 |     7 |     4 ||    16
         Potion            |       |     6 |     3 ||     9
 Armour: Leather armour    |    19 |       |       ||    19
         Ring mail         |     2 |    50 |    77 ||   129
  Dodge: Dodged            |    35 |    58 |   114 ||   207

Table legend:
 A = Non-vault XP
 B = Vault XP
 C = Vault XP percentage of total XP
 D = Non-vault monster count
 E = Vault monster count
 F = Vault count percentage of total count
                 A         B        C        D         E       F
            +---------+---------+-------+---------+---------+-------
      Total |    2038 |     329 |  13.9 |     120 |      14 |  10.4
            +---------+---------+-------+---------+---------+-------
        D:1 |      61 |       2 |   3.2 |      28 |       2 |   6.7
        D:2 |     157 |       0 |   0.0 |      24 |       0 |   0.0
        D:3 |     133 |       0 |   0.0 |      22 |       0 |   0.0
        D:4 |     179 |      24 |  11.8 |      15 |      10 |  40.0
        D:5 |     888 |       0 |   0.0 |      22 |       0 |   0.0
        D:6 |     620 |     303 |  32.8 |       9 |       2 |  18.2
            +---------+---------+-------+---------+---------+-------
